 Dungeon Crawl Stone Soup version 0.21-a0-216-g6d3fd91 (webtiles) character file.

112 KristoblXynda the Chopper (level 4, -2/37 HPs)
             Began as a Hill Orc Skald on Aug 23, 2017.
             Slain by a big kobold
             ... wielding a +0 club
              (5 damage)
             ... on level 3 of the Dungeon.
             The game lasted 00:05:18 (3157 turns).

KristoblXynda the Chopper (Hill Orc Skald)          Turns: 3157, Time: 00:05:19

Health: -2/37      AC:  5    Str: 14    XL:     4   Next: 95%
Magic:  6/6        EV: 12    Int: 13    God:
Gold:   151        SH:  0    Dex: 10    Spells: 2/6 levels left

rFire    . . .     SeeInvis .   a - +0 hand axe
rCold    . . .     Gourm    .   (no shield)
rNeg     . . .     Faith    .   b - +0 leather armour
rPois    .         Spirit   .   g - +2 hat
rElec    .         Reflect  .   (no cloak)
rCorr    .         Harm     .   (no gloves)
MR       .....                  (no boots)
Stlth    +.........             (no amulet)
HPRegen  0.12/turn              (no ring)
MPRegen  0.10/turn              (no ring)

@: no status effects
A: no striking features
a: no special abilities


You were on level 3 of the Dungeon.
You were not hungry.

You visited 1 branch of the dungeon, and saw 3 of its levels.

You collected 151 gold pieces.

Inventory:

Hand Weapons
 a - a +0 hand axe (weapon)
 l - a +1 whip of electrocution
Missiles
 n - 3 javelins (quivered)
Armour
 b - a +0 leather armour (worn)
 e - a +0 shield
 g - a +2 hat (worn)
Scrolls
 h - 3 scrolls of identify {unknown}
 j - a scroll of immolation {unknown}
 m - a scroll of noise {unknown}
 o - a scroll of remove curse {unknown}
Potions
 k - a potion of brilliance {unknown}
Books
 c - a book of Battle

   Spells                             Type                      Level
   a - Infusion                       Charms                       1
   b - Shroud of Golubria             Charms/Translocation         2
   c - Song of Slaying                Charms                       2
   d - Spectral Weapon                Hexes/Charms                 3
   e - Regeneration                   Charms/Necromancy            3
Comestibles
 d - 2 bread rations
 f - a chunk of flesh
 i - a meat ration


   Skills:
 - Level 2.4 Fighting
 + Level 4.0 Axes
 + Level 2.7 Armour
 - Level 2.0 Dodging
 - Level 1.5 Spellcasting
 - Level 3.2 Charms
 + Level 1.2 Necromancy


You had 2 spell levels left.
You knew the following spells:

 Your Spells              Type           Power        Failure   Level  Hunger
a - Infusion              Chrm           #...         9%          1    ##.....
b - Regeneration          Chrm/Necr      #.........   36%         3    ####...


Dungeon Overview and Level Annotations

Branches:
Dungeon (3/15)

Altars:
Trog
The Shining One


Message History

The big kobold is severely wounded.
The big kobold barely misses you.
You hit the big kobold but do no damage.
The big kobold is severely wounded.
The big kobold barely misses you.
You closely miss the big kobold.
The big kobold is severely wounded.
The big kobold hits you with a club.
* * * LOW HITPOINT WARNING * * *
You hit the big kobold but do no damage.
The big kobold is severely wounded.
The big kobold hits you but does no damage.
You hit the big kobold but do no damage.
The big kobold is severely wounded.
The big kobold hits you with a club!
* * * LOW HITPOINT WARNING * * *
You hit the big kobold.
The big kobold is almost dead.
The big kobold hits you with a club.
You die...

#####
###############...#
..............#...#
......((......#...#
(.....(....(..##@#
(..########.....K#
...# #......#
...########......#
..............##+#
..............#
..........(...#
###############


You could see a big kobold.

Vanquished Creatures
  A gnoll (D:3)
  5 adders
  A leopard gecko (D:2)
  6 bats
  A bat zombie (D:1)
  A giant cockroach (D:1)
  6 goblins
  5 hobgoblins
  A ball python (D:3)
  A frilled lizard (D:2)
  A giant cockroach zombie (D:1)
  25 kobolds
  3 rats
57 creatures vanquished.

Notes
Turn   | Place    | Note
-------+----------+-------------------------------------------
     0 | D:1      | KristoblXynda the Hill Orc Skald began the quest for the Orb.
     0 | D:1      | Reached XP level 1. HP: 18/18 MP: 3/3
   156 | D:1      | Reached XP level 2. HP: 3/25 MP: 4/4
   159 | D:1      | Reached skill level 3 in Axes
  1327 | D:1      | Reached XP level 3. HP: 30/30 MP: 5/5
  1557 | D:2      | Found a glowing golden altar of the Shining One.
  1681 | D:2      | Learned a level 3 spell: Regeneration
  2109 | D:2      | Found a bloodstained altar of Trog.
  2423 | D:2      | Reached XP level 4. HP: 34/37 MP: 6/6
  3056 | D:3      | Reached skill level 1 in Necromancy
  3093 | D:3      | Reached skill level 4 in Axes
  3131 | D:3      | Noticed a big kobold
  3157 | D:3      | Slain by a big kobold

Vault maps used:
D:1:      saegor_arrival_fortress
D:2:      overflow_temple_1_default, tso_metal_star
D:3:      minmay_goblin_kobold_castle, marbit_many_paths,
          nicolae_overflow_crystal_walls, nicolae_dithmenos_shadow_blocks,
          first_bread, uniq_jessica

Skill      XL: |  1  2  3  4 |
---------------+-------------+-----
Axes           | 3 4 |  4.0
Armour         | 2 |  2.7
Charms         | 3 |  3.2
Dodging        | 2 |  2.0
Necromancy     | 1 |  1.2
Fighting       | |  2.4
Spellcasting   | |  1.5

Action                   |  1- 3 |  4- 6 || total
-------------------------+-------+-------++-------
Melee: Hand axe          |   167 |    80 ||   247
       Whip              |       |    15 ||    15
 Cast: Regeneration      |       |     1 ||     1
  Use: Potion            |       |     2 ||     2
  Eat: Chunk             |     5 |     1 ||     6
       Meat ration       |       |     1 ||     1
Armor: Leather armour    |    56 |    35 ||    91
Dodge: Dodged            |   117 |    92 ||   209

Table legend:
 A = Spawn XP
 B = Non-spawn XP
 C = Spawn XP percentage of total XP
 D = Spawn monster count
 E = Non-spawn monster count
 F = Spawn count percentage of total count
 G = Total turns spent on level
                    A         B        C        D         E        F      G
               +---------+---------+-------+---------+---------+-------+---------
         Total |      48 |     113 |  29.8 |      15 |      42 |  26.3 |  3157
               +---------+---------+-------+---------+---------+-------+---------
           D:1 |      14 |      21 |  40.0 |       8 |      14 |  36.4 |  1366
           D:2 |      20 |      44 |  31.2 |       5 |      13 |  27.8 |  1318
           D:3 |      14 |      48 |  22.6 |       2 |      15 |  11.8 |   473
               +---------+---------+-------+---------+---------+-------+---------
